 Dungeon Crawl Stone Soup version 0.29-a0-753-gb7bb9d756e (webtiles) character file.

Game seed: 14265020187319181917

10617 Nattfarinn the Fighter (level 11, -2/90 HPs)
             Began as a Djinni Venom Mage on June 30, 2022.
             Was a Priest of Makhleb.
             Slain by a white ugly thing (28 damage)
             ... on level 10 of the Dungeon.
             The game lasted 00:35:30 (14867 turns).

Nattfarinn the Fighter (Djinni Venom Mage)         Turns: 14867, Time: 00:35:30

Health: -2/90      AC:  8    Str: 11    XL:     11   Next: 96%
Gold:   259        EV: 17    Int: 16    God:    Makhleb [***...] SH:  0 Dex: 15

rFire   + + .      SeeInvis +   v - +1 rapier (vamp)
rCold   x . .      Faith    .   (no shield)
rNeg    . . .      Spirit   .   a - +0 robe
rPois   ∞          Reflect  .   x - +2 helmet {SInv}
rElec   .          Harm     .   (no cloak)
rCorr   .          Rampage  .   c - +2 pair of gloves
Will    +....                   (boots unavailable)
Stlth   ++........              (no amulet)
HPRegen 0.25/turn               (no ring)
MPRegen 0.00/turn               (no ring)

@: flying
A: sickness immunity, fire resistance 2, cold vulnerability 1, float, innate
caster, HP casting, extra vitality 1
a: Renounce Religion, Minor Destruction, Lesser Servant of Makhleb


You were on level 10 of the Dungeon.
You worshipped Makhleb.
Makhleb was most pleased with you.
You visited 2 branches of the dungeon, and saw 11 of its levels.

You collected 566 gold pieces.
You spent 307 gold pieces at shops.

Inventory:

Hand Weapons
 v - a +1 vampiric rapier (weapon)
Missiles
 e - 2 throwing nets
Armour
 a - a +0 robe (worn)
 c - a +2 pair of gloves (worn)
 n - a +2 hat
 x - a +2 helmet of see invisible (worn)
 z - +0 acid dragon scales
Wands
 d - a wand of acid (4)
Scrolls
 g - a scroll of immolation
 i - 6 scrolls of teleportation
 k - 2 scrolls of poison
 l - a scroll of fog
 p - a scroll of fear
 s - 2 scrolls of brand weapon
 w - 2 scrolls of torment
 y - 2 scrolls of blinking {unknown}
Potions
 b - a potion of resistance {unknown}
 f - 2 potions of haste
 h - a potion of heal wounds
 j - 3 potions of curing
 m - 4 potions of brilliance
 o - a potion of flight {unknown}
 q - 2 potions of mutation {unknown}
 r - 2 potions of ambrosia {unknown}
 t - 2 potions of might {unknown}
 u - a potion of berserk rage {unknown}


   Skills:
 * Level 12.7 Fighting
 + Level 10.2 Dodging
 - Level 1.5 Stealth
 + Level 7.4 Spellcasting


You had one spell level left.
You knew the following spells:

 Your Spells              Type           Power      Damage    Failure   Level
a - Sting                 Tmut/Pois      100%       1d8       1%          1
b - Poisonous Vapours     Pois/Air       58%        N/A       1%          2
c - Mephitic Cloud        Conj/Pois/Air  29%        N/A       1%          3
d - Olgreb's Toxic Radia  Pois           29%        N/A       5%          4
e - Shock                 Conj/Air       100%       1d9       1%          1
f - Call Imp              Summ           29%        N/A       1%          2
g - Inner Flame           Hex/Fire       29%        N/A       1%          3
h - Tukima's Dance        Hex            29%        N/A       1%          3
i - Summon Ice Beast      Ice/Summ       29%        N/A       5%          4
Your spell library was empty.

Dungeon Overview and Level Annotations

Branches:
Dungeon (10/15)            Temple (1/1) D:4            Lair (0/6) D:9
    Orc: D:9-12

Altars:
Ashenzari
Cheibriados
Dithmenos
Fedhas
Kikubaaqudgha
Makhleb
Qazlal
Trog
Xom
Yredelemnul

Shops:
D:3 [   D:6 (:**   D:7 [

Annotations:
D:3 1 runed translucent door, Crazy Yiuf


Innate Abilities, Weirdness & Mutations

You are immune to sickness and miasma.
You are immune to poison.
Your flesh is very heat resistant. (rF++)
You are vulnerable to cold. (rC-)
You float through the air rather than walking.
You learn spells naturally, not from books.
Your magical power is your life essence.
You have superior vitality. (+4 MHP)


Message History

Press: ? - help, Shift-Dir - straight line, f - you
Okay, then.
Casting: Tukima's Dance (safe; 1% risk of failure)
Confirm with . or Enter, or press ? or * to list all spells.
A beastly little devil appears in a puff of flame.
Your ice beast misses the white ugly thing.
Your ice beast closely misses the white ugly thing.
Your crimson imp hits the white ugly thing.
There is a stone staircase leading up here.
There are monsters nearby!
Poisonous vapours surround the white ugly thing!
The white ugly thing looks even sicker.
Your ice beast hits the white ugly thing.
Your ice beast freezes the white ugly thing.
The white ugly thing resists.
Your crimson imp hits the white ugly thing.
Unknown command.
You hit the white ugly thing but do no damage.
The white ugly thing is moderately wounded.
The white ugly thing barely misses you.
Your ice beast hits the white ugly thing.
Your ice beast freezes the white ugly thing.
The white ugly thing resists.
Your crimson imp hits the white ugly thing.
You hit the white ugly thing but do no damage.
The white ugly thing is moderately wounded.
The white ugly thing tentacle-slaps you!
The white ugly thing freezes you!!!
You feel a terrible chill!
Your ice beast closely misses the white ugly thing.
Your crimson imp hits the white ugly thing but does no damage.
Unknown command.
You hit the white ugly thing.
You feel better.
The white ugly thing is heavily wounded.
The white ugly thing tentacle-slaps you but does no damage.
Your ice beast barely misses the white ugly thing.
Your crimson imp hits the white ugly thing.
The white ugly thing tentacle-slaps you.
* * * LOW HITPOINT WARNING * * *
The white ugly thing freezes you!!
You feel a terrible chill!
You die...

#..#......
#..#..$$:.
#.....$}$.
#..# .?$$.
#..#......
#..#B.....
#.Y#######
#u5.......
#@........
##########


You could see a boulder beetle, a white ugly thing (very poisoned, ally target),
a friendly ice beast (summoned) and a friendly crimson imp (summoned).

Vanquished Creatures
  Gastronok (D:8)
  A two-headed ogre (D:9)
  A death yak (D:9)
  Pikel (D:7)
  A cyclops (D:6)
  An unseen horror (D:9)
  2 unseen horror zombies (D:8)
  2 wyverns
  A basilisk (D:9)
  6 yaks (D:9)
  A steam dragon (D:7)
  A dancing weapon (D:9)
  Menkaure (D:7)
  Duvessa (D:5)
  A water moccasin (D:9)
  A sky beast (D:3)
  An orc warrior (D:7)
  An ice beast (D:4)
  A black bear (D:8)
  3 centaurs
  2 lemures (D:7)
  Blork the orc (D:4)
  2 kobold brigands
  4 necrophages
  2 bullfrogs
  2 wights
  Dowan (D:5)
  7 killer bees
  4 howler monkeys
  A centaur zombie (D:8)
  A human zombie (D:8)
  5 hounds
  A gnoll shaman (D:7)
  7 orc priests
  8 iguanas
  8 orc wizards
  2 killer bee zombies (D:8)
  8 gnolls
  5 adders
  A shadow imp (D:3)
  2 white imps
  2 ufetubi
  3 worms
  2 dart slugs
  16 orcs
  7 ball pythons
  5 bats
  6 endoplasms
  4 giant cockroaches
  5 goblins
  6 hobgoblins
  16 kobolds
  A quokka (D:2)
  4 frilled lizards
  11 rats
191 creatures vanquished.

Vanquished Creatures (collateral kills)
  Harold (D:9)
  Sigmund (D:6)
  A vampire (D:8)
  A shadow (D:9)
  A basilisk (D:9)
  An acid dragon (D:9)
  2 water moccasins
  An orc warrior (D:8)
  A centaur (D:9)
  A bullfrog (D:8)
  3 necrophages (D:8)
  4 wights
  3 howler monkeys
  A howler monkey zombie (D:8)
  A shadow imp (D:8)
23 creatures vanquished.

Vanquished Creatures (others)
  2 dancing weapons (D:7)
  A human (D:5)
  A fungus (D:9)
4 creatures vanquished.

Grand Total: 218 creatures vanquished

Notes
Turn   | Place    | Note
-------+----------+-------------------------------------------
     0 | D:1      | Nattfarinn the Djinni Venom Mage began the quest for the
                  | Orb.
     0 | D:1      | Nattfarinn set off with the following spells memorised:
                  | Sting, Poisonous Vapours, Mephitic Cloud, Olgreb's Toxic
                  | Radiance.
     0 | D:1      | Reached XP level 1. HP: 15/15 MP: 0/0
   443 | D:1      | Reached skill level 1 in Fighting
   443 | D:1      | Reached XP level 2. HP: 13/22 MP: 0/0
  1350 | D:2      | Reached XP level 3. HP: 26/27 MP: 0/0
  1350 | D:2      | Learned a level 1 spell: Shock
  1580 | D:2      | Found a blossoming altar of Fedhas.
  1858 | D:2      | Reached skill level 2 in Fighting
  1889 | D:2      | Reached XP level 4. HP: 12/34 MP: 0/0
  2851 | D:3      | Reached skill level 3 in Fighting
  2851 | D:3      | Reached XP level 5. HP: 32/40 MP: 0/0
  2851 | D:3      | Learned a level 2 spell: Call Imp
  3370 | D:3      | Found Refraeri's Armour Shoppe.
  3691 | D:3      | Found a runed translucent door.
  3692 | D:3      | Noticed Crazy Yiuf
  3976 | D:4      | Noticed Blork the orc
  4106 | D:4      | Noticed a sky beast
  4127 | D:3      | Killed a sky beast
  4128 | D:3      | Reached skill level 4 in Fighting
  4128 | D:3      | Reached XP level 6. HP: 27/47 MP: 0/0
  4377 | D:4      | Killed Blork the orc
  4384 | D:4      | Reached XP level 7. HP: 36/53 MP: 0/0
  4384 | D:4      | Learned a level 3 spell: Inner Flame
  4579 | D:4      | Found a shadowy altar of Dithmenos.
  4773 | D:4      | Found a shimmering altar of Xom.
  4841 | D:4      | Reached skill level 5 in Fighting
  5138 | D:4      | Found a staircase to the Ecumenical Temple.
  5200 | Temple   | Entered the Ecumenical Temple
  5237 | Temple   | Became a worshipper of Makhleb the Destroyer
  5299 | D:5      | Entered Level 5 of the Dungeon
  5683 | D:5      | Noticed Duvessa
  5701 | D:5      | Killed Duvessa
  5833 | D:5      | Noticed Dowan
  5847 | D:5      | Killed Dowan
  5848 | D:5      | Reached XP level 8. HP: 49/61 MP: 0/0
  6021 | D:5      | Reached skill level 5 in Dodging
  6251 | D:5      | Noticed a human
  6254 | D:5      | Killed a human
  6301 | D:5      | Found a blossoming altar of Fedhas.
  6313 | D:5      | Reached skill level 6 in Fighting
  6900 | D:5      | Found a broken altar of Ashenzari.
  7459 | D:6      | Noticed a cyclops
  7480 | D:6      | Killed a cyclops
  7481 | D:6      | Reached skill level 7 in Fighting
  7481 | D:6      | Reached XP level 9. HP: 30/68 MP: 0/0
  7481 | D:6      | Learned a level 3 spell: Tukima's Dance
  7650 | D:6      | Noticed Sigmund
  7662 | D:6      | Killed Sigmund
  8078 | D:6      | Found Honuihut's Assorted Antiques.
  8085 | D:6      | Reached * piety under Makhleb
  8164 | D:6      | Found Eskut's Book Shop.
  8189 | D:6      | Reached skill level 8 in Fighting
  8189 | D:6      | Reached skill level 5 in Spellcasting
  8309 | D:6      | Found Beamevon's Weapon Emporium.
  8439 | D:6      | Found Risos's General Store.
  8560 | D:6      | Bought a scroll of identify for 30 gold pieces
  8560 | D:6      | Bought a scroll of identify for 30 gold pieces
  9232 | D:7      | Noticed Pikel
  9242 | D:7      | Killed Pikel
  9448 | D:7      | Reached skill level 9 in Fighting
  9461 | D:7      | Reached XP level 10. HP: 44/78 MP: 0/0
  9793 | D:7      | Noticed Menkaure
  9795 | D:7      | Killed Menkaure
  9983 | D:7      | Found a bloodstained altar of Trog.
 10214 | D:7      | Reached ** piety under Makhleb
 10245 | D:7      | Found Uluicyil's Armour Emporium.
 10294 | D:7      | Bought a +1 helmet of see invisible for 247 gold pieces
 10423 | D:8      | Noticed Gastronok
 10632 | D:8      | Killed Gastronok
 10633 | D:8      | Reached skill level 10 in Fighting
 11655 | D:8      | Reached skill level 11 in Fighting
 11655 | D:8      | Reached XP level 11. HP: 26/87 MP: 0/0
 11655 | D:8      | Learned a level 4 spell: Summon Ice Beast
 12002 | D:8      | Found a basalt altar of Yredelemnul.
 12475 | D:9      | Noticed a two-headed ogre
 12499 | D:9      | Killed a two-headed ogre
 12842 | D:9      | Reached skill level 12 in Fighting
 13874 | D:9      | Reached *** piety under Makhleb
 13957 | D:9      | Found a staircase to the Lair.
 13957 | D:9      | Noticed a death yak
 13957 | D:9      | Noticed Harold
 13981 | D:9      | Killed a death yak
 13982 | D:9      | Reached skill level 10 in Dodging
 14270 | D:9      | Killed Harold
 14547 | D:9      | Found a stormy altar of Qazlal.
 14850 | D:10     | Entered Level 10 of the Dungeon
 14850 | D:10     | Noticed a boulder beetle
 14855 | D:10     | Noticed a white ugly thing
 14867 | D:10     | Slain by a white ugly thing

Illustrated notes

Levels and vault maps discovered:
D:1:      evilmike_arrival_plus, layout_basic, st_stairs_10,
          hangedman_decor_clover_reticule
D:2:      layout_rooms, serial_corexii_hall, corexii_hall_statues_x,
          corexii_hall_statues_l, basic_altar
D:3:      minmay_angry_zag, layout_loops_cross, serial_shops,
          nicolae_diamond_shop, st_stairs_10, uniq_crazy_yiuf_cottage
D:4:      layout_cave_pools, xom_butterflies, mainiacjoe_overflow_brackets,
          minmay_temple_entry_large_hall, uniq_blork_the_orc
D:5:      layout_cave_pods, tgw_kikubaaqudgha, fedhas_bush_and_centaur_altar,
          ashenzari_conservatory_becter, uniq_duvessa
D:6:      layout_gridville, serial_shops, nicolae_shop_trees, shop,
          nicolae_stop_n_shop_1, nicolae_inconvenience_store, uniq_sigmund
D:7:      layout_gridville, lightli_temple_of_fire, enter_bailey_7,
          serial_glass, glass_columns_a, glass_columns_c, glass_columns_a,
          glass_columns_a, glass_columns_b, glass_columns_a, serial_shops,
          nicolae_shop_window_shopping, uniq_menkaure, uniq_pikel
D:8:      kennysheep_spiral_hall, layout_basic,
          lemuel_mausoleum_altar_yredelemnul, minmay_crossroads, uniq_gastronok
D:9:      layout_loops_ring, nicolae_qazlal_style_of_elements,
          david_lair_generic, minmay_diced_spiral, uniq_harold
D:10:     cheibrodos_elevator_heist, layout_long_grid, david_orc_4,
          uniq_josephine, uniq_snorg
Temple:   minmay_temple_curvy_branch

Skill      XL: |  1  2  3  4  5  6  7  8  9 10 11 |
---------------+----------------------------------+-----
Fighting       | 1 2 3 4 5 7 9 11 12 | 12.7
Dodging        | 3 4 6 7 8 10 | 10.2
Spellcasting   | 3 4 5 6 7 |  7.4
Stealth        | |  1.5

Action                   |  1- 3 |  4- 6 |  7- 9 | 10-12 || total
-------------------------+-------+-------+-------+-------++-------
Melee: Unarmed           |       |     2 |     1 |       ||     3
       Rapier            |       |       |    66 |   205 ||   271
       Punch             |       |       |     1 |     8 ||     9
 Cast: Sting             |    69 |    82 |    57 |     7 ||   215
       Poisonous Vapours |       |    11 |    65 |    48 ||   124
       Mephitic Cloud    |       |     4 |     9 |    15 ||    28
       Shock             |       |       |    41 |    19 ||    60
       Inner Flame       |       |       |     1 |       ||     1
       Call Imp          |       |       |     4 |    11 ||    15
       Olgreb's Toxic Ra |       |       |    15 |    29 ||    44
       Tukima's Dance    |       |       |     8 |    12 ||    20
       Summon Ice Beast  |       |       |       |    18 ||    18
Evoke: Wand              |       |       |       |     2 ||     2
  Use: Potion            |       |     3 |     1 |     4 ||     8
       Scroll            |       |       |    14 |     2 ||    16
 Stab: Confused          |       |       |     1 |     3 ||     4
       Distracted        |       |       |       |     1 ||     1
Armor: Robe              |     9 |    19 |    28 |    91 ||   147
Dodge: Dodged            |    30 |    45 |   114 |   294 ||   483

Table legend: (Time is in decaauts)
 A = Elapsed time spent in this place.
 B = Non-inter-level travel time spent in this place.
 C = Inter-level travel time spent in this place.
 D = Time resting spent in this place.
 E = Time spent auto-exploring this place.
 F = Levels seen in this place.
 G = Mean time per level.
                   A        B        C        D        E       F      G
               +--------+--------+--------+--------+--------+-----+--------+
         Total |  14925 |  14520 |    405 |   3399 |   9089 |  11 | 1356.8 |
       Dungeon |  14865 |  14488 |    377 |   3399 |   9058 |  10 | 1486.5 |
        Temple |     59 |     32 |     27 |      0 |     31 |   1 |   59.0 |
               +--------+--------+--------+--------+--------+-----+--------+

Top non-repeatable levels by time:
     D:8: 3220 daAuts
     D:5: 1942 daAuts
     D:3: 1762 daAuts
     D:6: 1679 daAuts
     D:1: 1500 daAuts
     D:7: 1337 daAuts
     D:9: 1306 daAuts
     D:4: 1201 daAuts
     D:2: 897 daAuts
  Temple: 59 daAuts
    D:10: 17 daAuts
